 Dungeon Crawl Stone Soup version 0.28-a0-1038-g9c4cb8273d (webtiles) character file.

Game seed: 18357520704198450051

95 fragbeetle the Covered (level 4, -1/40 HPs)
             Began as a Minotaur Fighter on Dec 8, 2021.
             Slain by an orc priest (4 damage)
             ... on level 3 of the Dungeon.
             The game lasted 00:04:32 (2216 turns).

fragbeetle the Covered (Minotaur Fighter)           Turns: 2216, Time: 00:04:33

Health: -1/40      AC:  8    Str: 20    XL:     4   Next: 40%
Magic:  3/3        EV:  9    Int:  7    God:
Gold:   127        SH:  4    Dex: 10    Spells: 3/3 levels left

rFire   . . .      SeeInvis .   a - +0 war axe
rCold   . . .      Faith    .   c - +0 buckler
rNeg    . . .      Spirit   .   b - +0 scale mail
rPois   .          Reflect  .   (helmet restricted)
rElec   .          Harm     .   (no cloak)
rCorr   .          Rampage  .   f - +0 pair of gloves
Will    .....                   (no boots)
Stlth   ..........              (no amulet)
HPRegen 0.13/turn               (no ring)
MPRegen 0.08/turn               (no ring)

@: no status effects
A: horns 2, retaliatory headbutt
a: no special abilities


You were on level 3 of the Dungeon.
You visited 1 branch of the dungeon, and saw 3 of its levels.

You collected 127 gold pieces.

Inventory:

Hand Weapons
 a - a +0 war axe (weapon)
Armour
 b - a +0 scale mail (worn)
 c - a +0 buckler (worn)
 f - a +0 pair of gloves (worn)
Scrolls
 g - a scroll of amnesia {unknown}
 h - 3 scrolls of identify {unknown}
 i - a scroll of fear {unknown}
 l - a scroll of magic mapping {unknown}
 n - a scroll of teleportation {unknown}
Potions
 d - a potion of might
 e - a potion of haste {unknown}
 j - 2 potions of attraction {unknown}
 k - 2 potions of heal wounds {unknown}
 m - 4 potions of curing {unknown}
 o - a potion of brilliance {unknown}


   Skills:
 * Level 4.3 Fighting
 + Level 3.8 Axes
 + Level 4.4 Armour
 + Level 0.2 Dodging
 + Level 4.2 Shields


You had 3 spell levels left.
You didn't know any spells.
Your spell library contained the following spells:

 Spells                   Type           Power      Damage    Failure   Level
 Freeze                   Ice            0%         1d3       77%         1
 Shock                    Conj/Air       0%         1d3       77%         1
 Frozen Ramparts          Ice            0%         1d2       98%         3
 Swiftness                Air            0%         N/A       98%         3
 Airstrike                Air            0%         N/A       100%        4
 Hailstorm                Conj/Ice       0%         3d3       100%        4


Dungeon Overview and Level Annotations

Branches:
Dungeon (3/15)

Altars:
Dithmenos
Xom
The Shining One


Innate Abilities, Weirdness & Mutations

You have a pair of horns on your head.
You reflexively headbutt those who attack you in melee.


Message History

Found a thick ruby amulet.
There is an open door here.
There are monsters nearby!
You slash the rat!
You kill the rat!
The orc priest invokes the aid of Beogh against you.
Beogh smites you!
You hear a shout! x3
A kobold and 2 orcs come into view.
An orc is wielding a +1 falchion of draining.
The kobold shouts!
The orc shouts! x2; You hear a shout! x2
The orc priest mumbles some strange prayers to Beogh against you.
Pain shoots through your body!
A kobold comes into view. It is wielding a +0 dagger.
You block the orc priest's attack.
There is an open door here.
You hit the orc.
The orc is heavily wounded.
The orc barely misses you. The orc closely misses you.
You closely miss the orc.
The orc is heavily wounded.
The orc priest looks encouraged for a moment.
You block the orc's attack.
You hit the orc.
The orc is almost dead.
The orc priest calls upon Beogh to heal the orc.
The orc is healed somewhat.
The orc priest calls down the wrath of Beogh upon you.
Beogh smites you!
You slash the orc!
You kill the orc!
You slash the orc!
You kill the orc!
You slash the orc priest!
The orc priest is severely wounded.
The orc priest calls down the wrath of Beogh upon you.
Pain shoots through your body!
* * * LOW HITPOINT WARNING * * *
The orc priest hits you with a +0 club.
You die...

#.#.. .......†....
##.##. #.#.......#.
#...#....#######.#.
.......#._.#...
...< #......#...#
##### #.....K##.##
#.......#.#
.......#.# #
#...K#@# ..#
#....#o#....#
#..o..K..#
#........#
########## ####
#... #...


You could see an orc priest and a kobold.

Vanquished Creatures
  3 adders
  A worm (D:2)
  3 dart slugs
  2 orcs (D:3)
  5 endoplasms
  2 giant cockroaches
  5 goblins
  8 hobgoblins
  2 quokkas (D:2)
  3 ball pythons
  5 bats
  5 frilled lizards
  7 kobolds
  7 rats
58 creatures vanquished.

Vanquished Creatures (others)
  7 plants (D:1)
7 creatures vanquished.

Grand Total: 65 creatures vanquished

Notes
Turn   | Place    | Note
-------+----------+-------------------------------------------
     0 | D:1      | fragbeetle the Minotaur Fighter began the quest for the
                  | Orb.
     0 | D:1      | Reached XP level 1. HP: 19/19 MP: 0/0
    67 | D:1      | Found a faded altar of an unknown god.
   207 | D:1      | Reached XP level 2. HP: 25/27 MP: 1/1
   975 | D:2      | Reached XP level 3. HP: 33/33 MP: 2/2
  1891 | D:3      | Found a glowing golden altar of the Shining One.
  1892 | D:3      | Found a shimmering altar of Xom.
  1938 | D:3      | Reached XP level 4. HP: 30/40 MP: 3/3
  2189 | D:3      | Found a shadowy altar of Dithmenos.
  2216 | D:3      | Slain by an orc priest

Illustrated notes

Levels and vault maps discovered:
D:1:      roderic_crop_circles_arrival_small, layout_basic,
          chequers_ecumenical_altar_island, due_unseen_surprise
D:2:      layout_basic, minmay_tromino_mix6
D:3:      layout_basic, mainiacjoe_overflow_surrounded_room,
          okawaru_ov_weapons_minmay, nicolae_overflow_hidden_temple,
          serial_shops, shop

Skill      XL: |  1  2  3 |
---------------+----------+-----
Armour         | 4 |  4.4
Shields        | 4 |  4.2
Fighting       | 4 |  4.3
Axes           | 3 |  3.8
Dodging        | |  0.2

Action                   |  1- 3 |  4- 6 || total
-------------------------+-------+-------++-------
Melee: War axe           |    91 |    26 ||   117
       Headbutt          |     9 |     3 ||    12
Armor: Scale mail        |    44 |     6 ||    50
Dodge: Dodged            |    45 |    11 ||    56
Block: Buckler           |    23 |     3 ||    26

Table legend: (Time is in decaauts)
 A = Elapsed time spent in this place.
 B = Non-inter-level travel time spent in this place.
 C = Inter-level travel time spent in this place.
 D = Time resting spent in this place.
 E = Time spent auto-exploring this place.
 F = Levels seen in this place.
 G = Mean time per level.
                   A        B        C        D        E       F      G
               +--------+--------+--------+--------+--------+-----+--------+
         Total |   2259 |   2217 |     42 |      0 |   1709 |   3 |  753.0 |
       Dungeon |   2259 |   2217 |     42 |      0 |   1709 |   3 |  753.0 |
               +--------+--------+--------+--------+--------+-----+--------+

Top non-repeatable levels by time:
     D:2: 1109 daAuts
     D:1: 799 daAuts
     D:3: 350 daAuts
